 Dungeon Crawl Stone Soup version 0.18.1-47-g9310371 (webtiles) character file.

338 Galewin the Skirmisher (level 6, 0/57 HPs)
             Began as a Minotaur Berserker on June 18, 2016.
             Was an Elder of Trog.
             Slain by a killer bee (4 damage)
             ... on level 4 of the Dungeon.
             The game lasted 00:09:01 (2627 turns).

Galewin the Skirmisher (Minotaur Berserker)         Turns: 2627, Time: 00:09:01

Health: 0/57       AC:  7    Str: 23    XL:     6   Next: 29%
Magic:  5/5        EV:  5    Int:  4    God:    Trog [****..]
Gold:   183        SH:  8    Dex: 10    Spells: 0 memorised, 5 levels left

rFire  . . .     SeeInvis .     a - +0 mace
rCold  . . .     Gourm    .     b - +0 animal skin
rNeg   . . .     Faith    .     i - +0 shield
rPois  .         Spirit   .     (helmet restricted)
rElec  .         Dismiss  .     (no cloak)
rCorr  .         Reflect  .     m - +2 pair of gloves
SustAt .         Harm     .     n - +1 pair of boots
MR     ++...                    (no amulet)
Stlth  +.........               (no ring)
                                (no ring)

@: lethally poisoned (0 -> -1), exhausted, regenerating, slowed, very slow, very
resistant to hostile enchantments, very unstealthy
A: retaliatory headbutt, horns 2
a: Berserk, Trog's Hand, Brothers in Arms, Burn Spellbooks, Renounce Religion


You were on level 4 of the Dungeon.
You worshipped Trog.
Trog was greatly pleased with you.
You were very hungry.

You visited 1 branch of the dungeon, and saw 4 of its levels.

You collected 183 gold pieces.

Inventory:

Hand Weapons
 a - a +0 mace (weapon)
Armour
 b - a +0 animal skin (worn)
 i - a +0 shield (worn)
 m - a +2 pair of gloves (worn)
 n - a +1 pair of boots (worn)
Jewellery
 l - an uncursed ring of resist corrosion {unknown}
Scrolls
 f - 2 scrolls of teleportation
 j - 4 scrolls of identify
 o - a scroll of remove curse
Potions
 e - a potion of curing
 h - a potion of berserk rage {unknown}
 p - 2 potions of resistance {unknown}
 q - a potion of mutation {unknown}
 r - a potion of might {unknown}
Comestibles
 c - 5 bread rations
 d - 3 fruits
 g - 2 meat rations
 k - a royal jelly
 s - 2 chunks of flesh


   Skills:
 * Level 5.8 Fighting
 * Level 5.2 Maces & Flails
 + Level 3.7 Armour
 + Level 3.7 Dodging
 * Level 1.9 Shields


You had 5 spell levels left.
You didn't know any spells.

Dungeon Overview and Level Annotations

Branches:
Dungeon (4/15)
 Temple: D:4-7

Altars:
Yredelemnul


Innate Abilities, Weirdness & Mutations

You reflexively headbutt those who attack you in melee.
You have a pair of horns on your head.


Message History

The jackal bites you.
* * * LOW HITPOINT WARNING * * *
You block the jackal's attack. The killer bee barely misses you.
You furiously retaliate!
You headbutt the killer bee, but do no damage.
You feel sick. The killer bee stings you.
* * * LOW HITPOINT WARNING * * *
You block the jackal's attack. The killer bee stings you.
* * * LOW HITPOINT WARNING * * *
You are more poisoned.
The killer bee poisons you! The jackal closely misses you. x2
You furiously retaliate!
You headbutt the jackal!
You kill the jackal!
Trog accepts your kill.
You can now call in reinforcements.
There is a stone staircase leading down here.
You feel very sick.
The killer bee stings you but does no damage.
You block the jackal's attack. You block the killer bee's attack.
The jackal barely misses you. The killer bee stings you.
You die...

#####......###......... ...###
#...........##......... ......
#...........##.........
......##...........##.........
..............................
........................######
........................#
............h..........##
............y@.........#
....?..##...†..........#
##............^.......##
#....##..........†...#
............##....###.#
......................#
.........#.#..........#
.........#.#..........#
#...##. ..


You could see a killer bee and a jackal.

Vanquished Creatures
  2 killer bees (D:4)
  An iguana (D:4)
  An orc wizard (D:3)
  Robin (D:2)
  6 adders
  3 oozes
  3 worms
  3 dart slugs (D:2)
  A giant gecko (D:3)
  6 orcs (D:3)
  5 bats
  3 giant cockroaches
  4 hobgoblins
  15 jackals
  14 kobolds
  3 quokkas
  A ball python (D:3)
  2 giant newts
  18 goblins
  7 rats
99 creatures vanquished.

Notes
Turn   | Place    | Note
--------------------------------------------------------------
     0 | D:1      | Galewin the Minotaur Berserker began the quest for the Orb.
     0 | D:1      | Reached XP level 1. HP: 19/19 MP: 0/0
   189 | D:1      | Reached XP level 2. HP: 25/27 MP: 1/1
   359 | D:1      | Reached ** piety under Trog
   735 | D:2      | Reached XP level 3. HP: 34/34 MP: 2/2
   979 | D:2      | Reached XP level 4. HP: 41/41 MP: 3/3
  1215 | D:2      | Noticed Robin
  1227 | D:2      | Reached *** piety under Trog
  1233 | D:2      | Killed Robin
  1674 | D:3      | Reached XP level 5. HP: 45/47 MP: 4/4
  1685 | D:3      | Reached skill level 5 in Fighting
  1776 | D:3      | Reached skill level 1 in Shields
  2104 | D:3      | Reached skill level 5 in Maces & Flails
  2552 | D:4      | Found a basalt altar of Yredelemnul.
  2610 | D:4      | Reached **** piety under Trog
  2616 | D:4      | Reached XP level 6. HP: 40/56 MP: 5/5
  2627 | D:4      | Slain by a killer bee

Skill      XL: |  1  2  3  4  5 |
---------------+----------------+-----
Fighting       | 4 5 |  5.8
Maces & Flails | 4 5 |  5.2
Armour         | 3 |  3.7
Dodging        | 3 |  3.7
Shields        | 1 |  1.9

Action                   |  1- 3 |  4- 6 || total
-------------------------+-------+-------++-------
Melee: Mace              |    55 |   142 ||   197
       Headbutt          |     5 |    19 ||    24
Invok: Berserk           |       |     2 ||     2
       Trog's Hand       |       |     2 ||     2
  Use: Scroll            |     5 |     4 ||     9
       Potion            |     1 |       ||     1
 Stab: Sleeping          |     1 |       ||     1
       Distracted        |       |     1 ||     1
  Eat: Chunk             |       |     5 ||     5
       Beef jerky        |       |     1 ||     1
Armor: Animal skin       |    12 |    56 ||    68
Dodge: Dodged            |    42 |    89 ||   131
Block: Shield            |       |    55 ||    55
